 Dungeon Crawl Stone Soup version 0.30-a0-578-gdee14c521f (webtiles) character file.

Game seed: 8223235087704533167

1589 SkeletonJelly the Cudgeller (level 8, -5/61 HPs)
             Began as a Yellow Draconian Reaver on Dec 31, 2022.
             Was a Follower of Kikubaaqudgha.
             Slain by a large slime creature (31 damage)
             ... on level 7 of the Dungeon.
             The game lasted 00:11:36 (5593 turns).

SkeletonJelly the Cudgeller (DrRe)                  Turns: 5593, Time: 00:11:36

Health: -5/61      AC:  6    Str: 14    XL:     8   Next: 61%
Magic:  11/11      EV: 17    Int: 15    God:    Kikubaaqudgha [*.....]
Gold:   309        SH:  0    Dex: 11    Spells: 8/11 levels left

rFire   . . .      SeeInvis .    x - +6 shillelagh "Devastator" {shatter}
rCold   . . .      Faith    .    (no shield)
rNeg    . . .      Spirit   .    (body armour unavailable)
rPois   .          Reflect  .    (helmet restricted)
rElec   .          Harm     .    (no cloak)
rCorr   +          Rampage  .    (no gloves)
Will    .....                    (no boots)
Stlth   +                        (no amulet)
HPRegen 0.30/turn                C - +4 ring of slaying
MPRegen 0.12/turn                E - +5 ring of evasion

@: short of breath
A: spit acid, AC +6, unfitting armour, cold-blooded, acid resistance
a: Breathe Acid, Renounce Religion, Unearth Wretches


You were on level 7 of the Dungeon.
You worshipped Kikubaaqudgha.
Kikubaaqudgha was aware of your devotion.
You visited 1 branch of the dungeon, and saw 7 of its levels.

You collected 309 gold pieces.

Inventory:

Hand Weapons
 a - a +0 falchion
 x - the +6 shillelagh "Devastator" (weapon) {shatter}
   (You found it on level 5 of the Dungeon)

   It releases a powerful concussive burst when it strikes, dealing extra damage
   to the target and all other creatures adjacent to them.
Missiles
 g - 11 poisoned darts
 B - 2 throwing nets
Armour
 e - a +0 buckler
Jewellery
 w - an amulet of faith
 C - a +4 ring of slaying (left hand)
 E - a +5 ring of evasion (right hand)
Wands
 n - a wand of acid (7)
 p - a wand of polymorph (4)
 r - a wand of digging (5)
 D - a wand of roots (3)
Scrolls
 b - 6 scrolls of identify {unknown}
 d - 2 scrolls of noise {unknown}
 f - 3 scrolls of enchant armour {unknown}
 h - a scroll of blinking {unknown}
 i - 3 scrolls of teleportation {unknown}
 j - 2 scrolls of summoning {unknown}
 k - a scroll of silence {unknown}
 l - 2 scrolls of poison {unknown}
 o - a scroll of magic mapping {unknown}
 y - a scroll of torment {unknown}
 A - a scroll of amnesia {unknown}
Potions
 c - a potion of might {unknown}
 m - a potion of haste {unknown}
 q - a potion of brilliance {unknown}
 s - 2 potions of lignification {unknown}
 t - 2 potions of heal wounds {unknown}
 u - a potion of curing
 v - 2 potions of mutation {unknown}
 z - a potion of cancellation {unknown}
 F - a potion of attraction {unknown}


   Skills:
 - Level 2.1 Fighting
 - Level 5.8 Long Blades
 * Level 7.6 Maces & Flails
 - Level 1.7 Dodging
 - Level 2.0 Spellcasting
 - Level 4.1 Conjurations
 + Level 4.8 Necromancy


You had 8 spell levels left.
You knew the following spells:

 Your Spells              Type           Power      Damage    Failure   Level
a - Kiss of Death         Conj/Necr      56%        2d9       3%          1
s - Momentum Strike       Conj/Tloc      14%        3d8       14%         2

Your spell library contained the following spells:

 Spells                   Type           Power      Damage    Failure   Level
 Necrotise                Necr           64%        1d7       3%          1
 Vampiric Draining        Necr           16%        2d7       9%          3
 Beastly Appendage        Tmut           2%         N/A       22%         1
 Hailstorm                Conj/Ice       7%         3d4       28%         3
 Animate Dead             Necr           16%        N/A       30%         4
 Wereblood                Tmut           1%         N/A       32%         2
 Spider Form              Tmut/Pois      1%         N/A       54%         3


Dungeon Overview and Level Annotations

Branches:
Dungeon (7/15)             Temple (0/1) D:5

Altars:
Dithmenos
Fedhas
Kikubaaqudgha
Qazlal
The Shining One

Shops:
D:4 *

Annotations:
D:6 2 transporters, Wiilli's ghost, novice GrEE


Innate Abilities, Weirdness & Mutations

You can spit globs of acid.
Your golden yellow scales are hard. (AC +6)
You cannot fit into any form of body armour.
You are cold-blooded and may be slowed by cold attacks.
You are resistant to acid. (rCorr)


Message History

An ice beast comes into view.
You barely miss the hound.
The slime creature quivers.
The hound bites you. The hound bites you but does no damage.
You take 5 damage, and have 56/61 hp.
You miss the hound.
You tail-slap the hound, but do no damage.
The hound bites you but does no damage.
You closely miss the hound. You tail-slap the hound.
The hound is moderately wounded.
The hound barely misses you.
You sock the hound!
The slime creature and the manticore shudder.
The slime creature is lightly wounded.
The manticore is moderately wounded.
You kill the hound!
Kikubaaqudgha accepts your kill.
You sock the slime creature!
The slime creature, the white ugly thing and the manticore shudder.
The slime creature is moderately wounded.
The white ugly thing is lightly wounded.
The manticore is moderately wounded.
The slime creature is moderately wounded.
The slime creature completely misses you.
You hit the slime creature.
The slime creature, the white ugly thing and the manticore shudder.
The white ugly thing is moderately wounded.
The slime creature is moderately wounded.
The slime creature closely misses you.
You sock the slime creature!
The slime creature and the manticore shudder.
The slime creature is severely wounded.
The manticore is moderately wounded.
The slime creature is severely wounded.
The orc wizard gestures wildly while chanting.
The orc wizard flickers and vanishes!
Deactivating autopickup; reactivate with Ctrl-A.
The slime creature hits you.
You barely miss the slime creature.
The slime creature is severely wounded.
The slime creature hits you!
You take 7 damage, and have 50/61 hp.
You hit the slime creature.
The slime creatures and the manticore shudder.
The slime creature is almost dead.
The manticore is moderately wounded.
The slime creature is lightly wounded.
The slime creature is almost dead.
Two slime creatures merge to form a large slime creature.
You hit the large slime creature.
The large slime creature, the white ugly thing and the manticore shudder.
The large slime creature is heavily wounded.
The white ugly thing is moderately wounded.
The manticore is heavily wounded.
The large slime creature is heavily wounded.
The large slime creature completely misses you.
You sock the large slime creature!
The large slime creature, the manticore and the ice beast shudder.
The large slime creature is severely wounded.
The manticore is heavily wounded.
You kill the ice beast!
Kikubaaqudgha accepts your kill.
The large slime creature is severely wounded.
The large slime creature hits you!
You take 11 damage, and have 40/61 hp.
You hit the large slime creature.
The large slime creature, the white ugly thing and the manticore shudder.
The large slime creature is severely wounded.
The white ugly thing is heavily wounded.
The large slime creature is severely wounded.
The large slime creature hits you!!
Ouch! That really hurt!
* * * LOW HITPOINT WARNING * * *
You take 35 damage, and have 5/61 hp.
MASSIVE DAMAGE!!
You are too injured to fight recklessly!
Press: ? - help, Shift-Dir - straight line, f - large slime creature
Aim: a large slime creature (severely wounded, 92% to hit)
You spit a glob of acid.
The glob of acid hits the large slime creature!!
The acid splashes onto the manticore!
The manticore is splashed with acid.
The acid splashes onto the boulder beetle!
The boulder beetle is splashed with acid.
The large slime creature is almost dead.
The large slime creature completely misses you.
Okay, then.
Okay, then.
You feel better.
The large slime creature completely misses you.
You regained 12 hp, and now have 17/61 hp.
You feel better. The large slime creature misses you.
You regained 9 hp, and now have 26/61 hp.
You hit the large slime creature.
There is a shattering impact!
The large slime creature is almost dead.
The white ugly thing is heavily wounded.
The manticore is severely wounded.
The large slime creature is almost dead.
The large slime creature hits you!!
Ouch! That really hurt!
You die...
Kikubaaqudgha rasps: "You have failed me!
Welcome... death!"

.......<......
........######
###.###..###.. #
##.....##..##.. .#
##..))...##..... #.
##...#)#..)##.#.. ) #.
#....#.#....#....
#...##.##...##.##.†)#....
..#...HJ@...#...#..[..###
#...##B##...#_..#...#..#
} #. #..##...##..#...# #.
##)#.....#.##...# .#
###...#.###....# #
#_....# ....# ....# ..##


You could see a boulder beetle, a large slime creature and a manticore.

Vanquished Creatures
  A water moccasin (D:7)
  A black bear (D:6)
  2 ice beasts
  3 ogres (D:5)
  3 centaurs
  A kobold brigand (D:7)
  A scorpion (D:6)
  A necrophage (D:5)
  2 wights (D:7)
  2 hounds (D:7)
  2 jellies (D:6)
  An iguana (D:7)
  4 orc wizards (D:6)
  8 adders
  A river rat (D:6)
  2 white imps
  2 ufetubi
  2 worms
  2 dart slugs
  7 orcs
  9 endoplasms
  3 giant cockroaches
  7 goblins
  8 hobgoblins
  4 jackals
  5 kobolds
  3 quokkas
  3 ball pythons
  4 bats
  A frilled lizard (D:1)
  2 rats (D:3)
97 creatures vanquished.

Vanquished Creatures (others)
  6 plants (D:6)
6 creatures vanquished.

Grand Total: 103 creatures vanquished

Notes
Turn   | Place    | Note
-------+----------+-------------------------------------------
     0 | D:1      | SkeletonJelly the Draconian Reaver began the quest for the
                  | Orb.
     0 | D:1      | Reached XP level 1. HP: 17/17 MP: 3/3
   293 | D:1      | Reached XP level 2. HP: 4/24 MP: 5/5
   828 | D:2      | Found a shadowy altar of Dithmenos.
   955 | D:2      | Reached XP level 3. HP: 19/29 MP: 6/6
  1996 | D:3      | Reached XP level 4. HP: 28/36 MP: 7/7
  2458 | D:4      | Found Poduiq's Mass Market.
  2873 | D:4      | Found an ancient bone altar of Kikubaaqudgha.
  3128 | D:4      | Became a worshipper of Kikubaaqudgha
  3231 | D:4      | Learned a level 2 spell: Momentum Strike
  3256 | D:5      | Entered Level 5 of the Dungeon
  3305 | D:5      | Noticed an ogre
  3312 | D:5      | Killed an ogre
  3313 | D:5      | Reached skill level 5 in Long Blades
  3313 | D:5      | Reached skill level 1 in Necromancy
  3313 | D:5      | Reached XP level 5. HP: 17/41 MP: 6/8
  3316 | D:5      | Noticed an ogre
  3324 | D:5      | Killed an ogre
  3325 | D:5      | Reached XP level 6. HP: 19/48 MP: 6/9
  3428 | D:5      | Found the +6 shillelagh "Devastator" {shatter}
  3792 | D:5      | Found a staircase to the Ecumenical Temple.
  4053 | D:5      | Reached skill level 2 in Maces & Flails
  4252 | D:5      | Found a stormy altar of Qazlal.
  4260 | D:5      | Reached skill level 3 in Maces & Flails
  4302 | D:6      | Identified the +4 ring mail of Curiosity {rC++}
  4302 | D:6      | Found a transporter.
  4350 | D:6      | Your scales start taking on a golden yellow colour.
  4350 | D:6      | Reached XP level 7. HP: 22/55 MP: 10/10
  4350 | D:6      | Gained mutation: You are resistant to acid. (rCorr) [Yellow
                  | Draconian growth]
  4355 | D:6      | Reached skill level 4 in Maces & Flails
  4566 | D:6      | Upgraded the game from 0.30-a0-576-g89cddaab80 to
                  | 0.30-a0-578-gdee14c521f
  4703 | D:6      | Found a transporter.
  4704 | D:6      | Noticed Wiilli's ghost (novice GrEE)
  4953 | D:6      | Reached skill level 5 in Maces & Flails
  5336 | D:7      | Reached skill level 6 in Maces & Flails
  5336 | D:7      | Reached XP level 8. HP: 39/61 MP: 11/11
  5337 | D:7      | Reached * piety under Kikubaaqudgha
  5337 | D:7      | Received a gift from Kikubaaqudgha
  5499 | D:7      | Found a glowing golden altar of the Shining One.
  5509 | D:7      | Reached skill level 7 in Maces & Flails
  5511 | D:7      | Found a blossoming altar of Fedhas.
  5574 | D:7      | Noticed a slime creature
  5575 | D:7      | Noticed a manticore
  5575 | D:7      | Noticed a white ugly thing
  5575 | D:7      | Noticed a boulder beetle
  5575 | D:7      | Noticed a slime creature
  5593 | D:7      | Slain by a large slime creature

Illustrated notes

Levels and vault maps discovered:
D:1:      evilmike_arrival_fibonacci_small, layout_loops_ring
D:2:      layout_basic, basic_altar
D:3:      layout_basic, amcnicky_mini_pool_small
D:4:      layout_basic, lemuel_crystal_altar, minmay_shop_mass, st_stairs_7
D:5:      layout_loops_ring, lemuel_round_altar,
          minmay_temple_entry_gardened_gates, minmay_misc_feat_nine_boxes,
          dilly_guarded_unrand_devastator
D:6:      layout_loops_cross, gammafunk_ghost_gnarly_gnolls, kennysheep_diamond
D:7:      minmay_the_grid_octo_2x2 [minmay_the_grid_octo_vomiting_pacman,
          minmay_the_grid_octo_focus, minmay_the_grid_octo_77,
          minmay_the_grid_octo_prize_square_snowflake], layout_rooms,
          nicolae_overflow_crystal_walls, mainiacjoe_overflow_surrounded_room,
          serial_shops, shop_statue, amethyst_killhole

Skill      XL: |  1  2  3  4  5  6  7  8 |
---------------+-------------------------+-----
Long Blades    | 4 5 |  5.8
Conjurations   | 4 |  4.1
Necromancy     | 1 3 4 |  4.8
Maces & Flails | 3 6 7 |  7.6
Fighting       | |  2.1
Dodging        | |  1.7
Spellcasting   | |  2.0

Action                   |  1- 3 |  4- 6 |  7- 9 || total
-------------------------+-------+-------+-------++-------
Melee: Falchion          |   171 |    60 |       ||   231
       Tailslap          |    21 |    10 |     5 ||    36
       Punch             |     2 |     1 |       ||     3
       Shillelagh        |       |    32 |    60 ||    92
Throw: Dart              |       |     9 |       ||     9
 Cast: Kiss of Death     |       |     4 |       ||     4
       Momentum Strike   |       |     1 |       ||     1
 Abil: Breathe Acid      |       |       |     1 ||     1
Evoke: Wand              |       |     3 |     4 ||     7
  Use: Potion            |       |       |     2 ||     2
 Stab: Sleeping          |     1 |       |       ||     1
Armor: Skin              |    57 |    30 |    23 ||   110
Dodge: Dodged            |   123 |    73 |    56 ||   252

Table legend: (Time is in decaauts)
 A = Elapsed time spent in this place.
 B = Non-inter-level travel time spent in this place.
 C = Inter-level travel time spent in this place.
 D = Time resting spent in this place.
 E = Time spent auto-exploring this place.
 F = Levels seen in this place.
 G = Mean time per level.
                   A        B        C        D        E       F      G
               +--------+--------+--------+--------+--------+-----+--------+
         Total |   5629 |   5381 |    248 |      0 |   4538 |   7 |  804.1 |
       Dungeon |   5629 |   5381 |    248 |      0 |   4538 |   7 |  804.1 |
               +--------+--------+--------+--------+--------+-----+--------+

Top non-repeatable levels by time:
     D:5: 1173 daAuts
     D:3: 1095 daAuts
     D:6: 1025 daAuts
     D:4: 848 daAuts
     D:1: 730 daAuts
     D:2: 608 daAuts
     D:7: 148 daAuts
